Map: Port Aleksander LE

Players

Iceman - Winner!

  • Race: Zerg Zerg
  • League: Diamond
  • Spawn Location: 5:00

MachineHead

  • Race: Terran Terran
  • League: Diamond
  • Spawn Location: 11:00

VOD

Have the link to the VOD?

Description

Time

  • Played on: April 6, 2019, 8:42 a.m.
  • Length: 26:10
Show
View Real Time Build Order
Export as new Build Order

Iceman Zerg - Winner!

Build Orders: Hatch First, Brood Lord Corruptor 

Get SALT Encoding   

  12  0:01  Drone  
  13  0:13  Overlord  
  13  0:18  Drone  
  14  0:31  Drone x2  
  14  0:35  Drone  
  17  0:53  Hatchery  
  17  0:56  Drone  
  17  1:00  Drone  
  18  1:11  Extractor  
  18  1:16  Spawning Pool  
  16  1:19  Drone  
  16  1:23  Drone  
  18  1:28  Drone  
  19  1:39  Overlord  
  19  2:03  Queen  
  19  2:04  Zergling x4  
  19  2:05  Queen  
  19  2:06  Drone  
  26  2:13  Drone  
  27  2:18  Metabolic Boost  
  27  2:23  Drone  
  27  2:24  Drone  
  27  2:29  Drone  
  30  2:33  Drone  
  31  2:38  Drone  
  32  2:51  Overlord, Hatchery  
  32  2:54  Drone  
  32  2:55  Drone  
  33  3:00  Drone  
  33  3:03  Queen  
  36  3:09  Drone  
  36  3:10  Drone  
  38  3:13  Drone  
  38  3:14  Drone  
  38  3:15  Drone  
  38  3:17  Drone  
  42  3:21  Overlord  
  42  3:25  Overlord  
  42  3:38  Overlord  
  42  3:40  Zergling x6  
  45  3:45  Drone  
  45  3:46  Drone  
  47  3:53  Roach Warren  
  46  3:59  Drone  
  47  4:03  Evolution Chamber, Queen  
  47  4:04  Queen  
  50  4:11  Drone x4  
  50  4:16  Overlord  
  54  4:27  Drone x7  
  54  4:30  Drone  
  62  4:35  Extractor, Overlord, Zerg Ground Armor Level 1  
  62  4:36  Extractor  
  60  4:39  Drone  
  60  4:41  Zergling x2  
  57  4:58  Drone x5  
  62  5:00  Drone x5  
  62  5:06  Lair  
  67  5:09  Spore Crawler  
  67  5:10  Spore Crawler  
  67  5:11  Drone x3  
  67  5:13  Spore Crawler  
  67  5:14  Drone  
  67  5:15  Drone x3  
  71  5:22  Drone  
  71  5:23  Extractor  
  71  5:24  Extractor  
  70  5:33  Overlord  
  70  5:34  Drone x3  
  73  5:41  Overlord x2  
  72  5:53  Drone x5  
  72  5:54  Overlord  
  77  6:00  Overlord  
  77  6:05  Drone x3  
  77  6:06  Baneling Nest  
  77  6:08  Zergling x6  
  77  6:11  Hatchery  
  81  6:12  Evolution Chamber  
  81  6:14  Overlord  
  81  6:15  Overlord  
  81  6:16  Overlord  
  81  6:17  Zergling x14  
  87  6:25  Hydralisk Den, Drone x2  
  87  6:30  Overlord  
  86  6:33  Zergling x2  
  86  6:34  Zergling x2  
  86  6:36  Zerg Ground Armor Level 2  
  86  6:38  Zerg Melee Weapons Level 1  
  86  6:39  Zergling x2  
  88  6:41  Zergling x6  
  88  6:42  Zergling x4  
  88  6:46  Zergling x4  
  94  6:49  Centrifical Hooks  
  94  6:53  Baneling x5  
  94  6:54  Baneling x5  
  94  6:55  Zergling x2  
  94  6:56  Zergling x2  
  96  7:02  Grooved Spines  
  96  7:05  Zergling x8  
  100  7:12  Zergling x4  
  100  7:13  Zergling x2  
  103  7:26  Drone x9  
  112  7:31  Overlord x2  
  112  7:34  Drone x2  
  114  7:39  Hydralisk x6  
  114  7:41  Hydralisk  
  114  7:43  Hydralisk  
  130  7:48  Hydralisk x2  
  130  7:49  Hydralisk  
  136  7:52  Hydralisk  
  136  7:56  Hydralisk x2  
  136  7:58  Hydralisk  
  144  8:08  Drone x4, Spore Crawler  
  144  8:09  Drone  
  144  8:10  Zergling x4  
  150  8:13  Muscular Augments  
  150  8:17  Hydralisk  
  150  8:18  Hydralisk x5  
  150  8:19  Hydralisk  
  161  8:26  Overlord, Zergling x2  
  162  8:27  Overlord  
  162  8:28  Pneumatized Carapace  
  162  8:34  Infestation Pit  
  161  8:35  Extractor  
  161  8:38  Extractor  
  161  8:39  Extractor  
  158  8:44  Overlord  
  158  8:45  Zergling x2  
  158  8:47  Baneling x4  
  159  8:51  Zergling x24  
  159  8:54  Zerg Melee Weapons Level 2  
  171  9:09  Drone x3  
  172  9:22  Zergling x22  
  172  9:23  Zergling x2  
  184  9:26  Hive  
  184  9:35  Spire  
  182  9:50  Hatchery  
  182  9:52  Extractor  
  175  9:56  Extractor  
  171  10:08  Overlord x2  
  171  10:09  Overlord  
  171  10:16  Zergling x26  
  171  10:17  Zergling x16  
  192  10:24  Overlord  
  192  10:39  Overlord  
  192  10:40  Overlord  
  192  10:41  Overlord x2  
  192  10:42  Overlord  
  192  10:46  Adrenal Glands  
  192  10:47  Greater Spire  
  192  10:51  Ultralisk Cavern  
  192  10:53  Zerg Ground Armor Level 3  
  189  11:13  Baneling x5  
  189  11:14  Baneling x8  
  189  11:22  Baneling x2  
  189  11:23  Baneling x4  
  189  11:25  Overlord  
  189  11:30  Zerg Melee Weapons Level 3  
  172  11:42  Corruptor x3  
  172  11:43  Corruptor x5  
  172  11:44  Chitinous Plating  
  183  11:50  Zergling x12  
  183  11:51  Zergling x20  
  188  11:59  Baneling  
  188  12:00  Baneling x20  
  149  12:09  Zergling x18  
  149  12:13  Zergling x4  
  142  12:16  Brood Lord x2  
  142  12:19  Brood Lord x2  
  142  12:22  Zergling x4  
  145  12:23  Zergling x4  
  130  12:34  Burrow, Ultralisk x3  
  128  12:47  Ultralisk  
  131  12:59  Brood Lord  
  131  13:00  Brood Lord  
  131  13:01  Zergling x4  
  131  13:02  Zergling x8  
  131  13:03  Anabolic Synthesis  
  131  13:04  Drone  
  131  13:05  Drone x3  
  145  13:07  Drone  
  146  13:18  Ultralisk  
  152  13:37  Ultralisk  
  152  13:38  Ultralisk  
  164  13:41  Ultralisk  
  170  13:54  Ultralisk  
  164  13:56  Ultralisk  
  164  14:01  Spore Crawler  
  169  14:05  Corruptor x2  
  173  14:21  Corruptor x4  
  181  14:29  Corruptor x2  
  181  14:38  Corruptor x2  
  181  14:39  Corruptor  
  145  15:01  Corruptor x2  
  145  15:02  Corruptor x4  
  145  15:03  Corruptor  
  155  15:12  Corruptor x2  
  155  15:15  Drone x4  
  155  15:21  Corruptor  
  155  15:22  Corruptor  
  155  15:29  Corruptor x2  
  155  15:34  Corruptor  
  157  15:36  Corruptor  
  157  15:42  Corruptor  
  144  15:54  Hydralisk x4  
  145  16:01  Drone  
  145  16:02  Drone x4  
  145  16:03  Drone  
  145  16:05  Drone  
  145  16:09  Drone x2  
  145  16:10  Drone  
  149  16:20  Corruptor  
  149  16:21  Corruptor  
  149  16:24  Zerg Flyer Weapons Level 1  
  153  16:31  Brood Lord  
  155  16:33  Brood Lord  
  155  16:38  Brood Lord  
  145  16:52  Ultralisk  
  145  16:53  Ultralisk  
  115  16:57  Hydralisk  
  111  17:07  Ultralisk  
  103  17:10  Ultralisk  
  107  17:16  Hydralisk  
  107  17:18  Zergling x8  
  107  17:22  Zergling x4  
  113  17:23  Zergling x4  
  107  17:31  Hydralisk  
  91  17:42  Ultralisk  
  91  17:43  Ultralisk  
  90  17:53  Corruptor x2  
  90  17:57  Zergling x6  
  89  18:02  Corruptor  
  89  18:05  Zergling x2  
  79  18:24  Corruptor x5  
  89  18:31  Drone x4  
  93  18:35  Corruptor  
  93  18:39  Zergling x2  
  96  18:42  Zergling x2  
  96  18:43  Corruptor  
  99  19:03  Corruptor x2  
  79  19:18  Ultralisk  
  79  19:20  Zergling x18  
  94  19:27  Zergling x2  
  95  19:35  Zergling x4  
  95  19:36  Ultralisk  
  103  19:48  Brood Lord  
  103  19:49  Zergling x12  
  111  19:53  Zergling x2  
  111  19:55  Zergling x2  
  111  19:56  Zergling x2  
  114  20:13  Ultralisk  
  120  20:21  Corruptor  
  117  20:28  Hatchery  
  115  20:42  Baneling  
  115  20:43  Baneling x13  
  115  20:45  Zergling x14  
  106  21:08  Hydralisk x2  
  108  21:19  Overlord x3  
  91  21:34  Ultralisk x2  
  91  21:36  Zergling x2  
  98  21:52  Drone x6  
  104  22:26  Extractor  
  104  22:29  Extractor, Hatchery  
  100  22:43  Ultralisk x2  
  112  22:45  Zergling x6  
  107  23:40  Brood Lord  
  107  23:41  Brood Lord x3  
  113  23:46  Overlord  
  101  24:05  Brood Lord  
  101  24:07  Overlord  
  101  24:08  Overlord x2  
  103  24:11  Spawning Pool  
  96  24:28  Corruptor x2  
  100  24:39  Drone x7  
  100  24:45  Extractor x2  
  105  24:48  Hydralisk  
  105  24:49  Hydralisk  
  105  24:52  Hatchery  
  108  24:56  Hydralisk  
  108  24:58  Zergling x4  
  111  25:09  Drone x3  
  108  25:16  Drone x3  
  111  25:22  Hydralisk x2  
  111  25:23  Hydralisk  
  116  25:35  Zergling x6  
Show
View Real Time Build Order
Export as new Build Order

MachineHead Terran 

Build Orders: Reaper Expand, Mech 

Get SALT Encoding   

  12  0:00  SCV  
  13  0:16  Supply Depot  
  13  0:18  SCV  
  14  0:30  SCV  
  15  0:39  Barracks  
  15  0:42  SCV  
  16  0:47  Refinery  
  16  0:54  SCV  
  17  1:06  SCV  
  18  1:21  SCV  
  19  1:32  Command Center, Reaper  
  20  1:44  SCV  
  21  1:50  Supply Depot  
  21  1:56  Orbital Command  
  21  2:15  Factory  
  21  2:16  Marine  
  21  2:21  Refinery  
  21  2:22  SCV  
  23  2:32  Supply Depot  
  23  2:34  SCV, Barracks Reactor  
  24  2:45  Orbital Command  
  24  2:46  SCV  
  25  2:59  SCV  
  25  3:01  Starport  
  26  3:11  SCV  
  26  3:12  SCV  
  28  3:16  Hellion x2  
  28  3:17  Barracks Tech Lab  
  32  3:23  SCV  
  32  3:24  SCV  
  34  3:35  SCV  
  34  3:36  SCV  
  34  3:37  Viking, Hellion  
  34  3:38  Hellion  
  42  3:42  Stimpack  
  42  3:47  SCV  
  43  3:52  SCV  
  43  3:54  Marine  
  45  3:59  SCV  
  46  4:06  SCV  
  47  4:15  Command Center  
  47  4:20  SCV x2  
  49  4:24  Supply Depot  
  49  4:25  Supply Depot  
  49  4:26  Supply Depot  
  49  4:32  SCV, Barracks  
  49  4:34  SCV, Barracks  
  49  4:36  Factory Tech Lab  
  51  4:46  SCV x2  
  53  4:59  Marine  
  45  5:00  Hellion  
  45  5:02  Medivac  
  45  5:06  SCV x2  
  51  5:10  Refinery  
  51  5:11  Refinery  
  51  5:14  Engineering Bay  
  51  5:15  Engineering Bay  
  51  5:17  Marine  
  51  5:18  SCV x2  
  54  5:22  Supply Depot x2  
  54  5:23  Supply Depot  
  54  5:28  SCV  
  55  5:29  Marine x2  
  55  5:30  SCV x2  
  55  5:32  Siege Tank  
  62  5:39  Medivac  
  62  5:40  SCV  
  62  5:42  SCV x2  
  66  5:43  Combat Shield  
  66  5:52  SCV, Missile Turret  
  66  5:54  SCV  
  66  5:56  SCV  
  69  6:00  Supply Depot, Terran Infantry Weapons Level 1, Missile Turret  
  69  6:01  Terran Infantry Armor Level 1, Supply Depot  
  69  6:03  Barracks Reactor  
  69  6:04  Barracks Reactor  
  69  6:05  SCV  
  69  6:11  Armory  
  70  6:23  SCV  
  70  6:24  SCV  
  72  6:25  Marine  
  72  6:26  Siege Tank  
  72  6:27  Medivac  
  78  6:37  Liberator  
  78  6:42  Orbital Command  
  78  6:43  Marine  
  79  6:51  Marine x2  
  79  6:52  Marine x2  
  86  6:54  SCV x2  
  86  6:58  Siege Tank  
  91  7:01  Marauder  
  91  7:02  Supply Depot  
  91  7:03  Supply Depot  
  91  7:06  SCV x2, Supply Depot  
  91  7:07  Supply Depot  
  95  7:10  Supply Depot  
  95  7:11  SCV  
  95  7:14  Marine x4  
  100  7:15  Medivac  
  100  7:22  Marine  
  102  7:28  Terran Vehicle And Ship Armor Level 1  
  103  7:30  Siege Tank  
  103  7:33  Factory  
  103  7:35  SCV  
  103  7:36  SCV x2  
  109  7:38  Missile Turret  
  109  7:47  SCV  
  109  7:48  Marine x2  
  109  7:51  Refinery, Marine  
  113  7:57  Factory  
  113  7:58  Missile Turret  
  113  8:01  Supply Depot x3  
  113  8:02  Supply Depot, Terran Infantry Weapons Level 2  
  103  8:13  Barracks, Marine x2  
  103  8:14  Barracks, Marine x2  
  103  8:16  Barracks  
  103  8:17  Barracks  
  105  8:23  Marine  
  105  8:24  Terran Infantry Armor Level 2  
  106  8:28  Factory Tech Lab  
  106  8:41  Command Center  
  106  8:43  Missile Turret x2  
  106  8:46  Missile Turret  
  106  8:47  Missile Turret  
  106  8:48  Marine  
  107  8:50  Factory Tech Lab  
  107  8:53  Marine x4  
  111  8:56  Concussive Shells  
  111  8:57  Medivac x2  
  111  9:02  Supply Depot  
  115  9:03  Supply Depot, Marine  
  115  9:05  Barracks Tech Lab x2  
  115  9:06  Marine, Barracks Tech Lab  
  115  9:07  Siege Tank  
  115  9:08  Siege Tank  
  123  9:11  Marine  
  110  9:17  Marine  
  110  9:18  SCV x2  
  110  9:19  SCV  
  110  9:21  Missile Turret  
  114  9:25  Marine  
  114  9:26  Marine x3  
  114  9:30  SCV x2  
  120  9:31  SCV  
  120  9:33  Siege Tank  
  120  9:34  Marine x2  
  120  9:37  Marine x2  
  128  9:42  SCV  
  128  9:43  Marine x3  
  128  9:44  Marine x2, Siege Tank  
  127  9:51  Marine  
  127  9:52  Marine  
  128  9:53  Siege Tank  
  128  9:54  Marine x2  
  128  9:58  Terran Vehicle And Ship Armor Level 2  
  123  10:00  Marine  
  123  10:01  SCV, Marine x3  
  123  10:02  Marine  
  123  10:03  SCV  
  123  10:05  SCV  
  123  10:06  Missile Turret  
  132  10:13  Marine x4  
  135  10:17  Siege Tank  
  135  10:18  Marine  
  135  10:19  Medivac, Marine x4  
  145  10:30  Missile Turret, Marine  
  145  10:31  Missile Turret, Marine x3  
  145  10:32  Terran Infantry Weapons Level 3  
  145  10:34  Siege Tank  
  152  10:37  SCV  
  152  10:40  SCV x2  
  152  10:42  Planetary Fortress  
  155  10:44  Marine  
  155  10:45  Marine x2  
  155  10:49  SCV  
  159  10:50  Marine x5  
  159  10:52  SCV  
  159  10:54  Marine  
  166  11:01  Terran Infantry Armor Level 3  
  166  11:02  Marine  
  166  11:03  Marine x2  
  169  11:07  Marine  
  169  11:08  Marine  
  168  11:12  Siege Tank  
  168  11:13  Marine  
  172  11:19  Marine  
  172  11:20  Marine x2  
  172  11:23  Marine, Siege Tank  
  172  11:24  Marine  
  180  11:34  Marine  
  180  11:37  SCV x4  
  185  11:44  Marine x4  
  189  11:48  Marine  
  189  11:49  SCV x3  
  193  12:05  Marine x2  
  193  12:06  Marine x7, Siege Tank  
  146  12:23  Marine x6  
  146  12:24  Marine x3  
  146  12:26  Viking x2  
  136  12:41  Marine x5  
  136  12:45  Marine  
  136  12:46  Marine x3  
  136  12:49  Refinery  
  134  12:51  Refinery  
  134  12:54  Starport  
  134  12:56  Viking x2  
  133  12:58  Marine  
  133  12:59  Marine x2  
  136  13:06  Marine  
  136  13:07  Marine x5  
  142  13:16  Marine  
  142  13:17  Marine x2  
  145  13:20  Neosteel Armor  
  145  13:22  Siege Tank x3  
  145  13:23  Terran Vehicle Weapons Level 1  
  145  13:24  Marine  
  145  13:25  Marine x2  
  145  13:26  Viking x2, Marine  
  145  13:27  Marine x2  
  164  13:34  Marine  
  164  13:38  Hi-Sec Auto Tracking, Command Center, Liberator  
  164  13:39  Liberator  
  165  13:53  Marine  
  125  13:56  Medivac  
  125  13:57  Marine x3  
  125  13:58  Marauder x2  
  125  13:59  Marauder x2  
  137  14:08  Liberator, Siege Tank  
  140  14:10  Marine  
  140  14:16  Siege Tank  
  144  14:20  Marauder x4, Liberator  
  155  14:35  Marine x3  
  156  14:41  Marauder x3  
  156  14:42  Marine  
  156  14:43  Marauder, Marine  
  156  14:44  Liberator  
  162  14:51  Liberator  
  148  14:53  Marine x3  
  148  14:56  Siege Tank  
  143  15:00  Marine x2  
  143  15:02  Marauder  
  143  15:03  Marauder x2  
  143  15:04  Marine  
  155  15:10  Marine  
  157  15:15  Marine x2  
  157  15:18  Marine, Siege Tank  
  157  15:20  Viking  
  163  15:22  Marauder  
  163  15:30  Marine x3  
  163  15:31  Marauder  
  163  15:34  Marine  
  163  15:35  Marauder, Marine  
  170  15:36  Marine  
  169  15:43  Viking, Marauder  
  169  15:48  Marine x2  
  169  15:49  Marauder  
  177  15:50  Viking  
  177  15:52  Marine  
  177  15:56  Marine x2  
  174  15:57  Marauder  
  174  15:58  Marine  
  167  16:05  Marauder  
  167  16:06  Marine  
  167  16:10  Marauder  
  172  16:41  Marauder  
  147  16:55  Marauder, Marine x2  
  146  17:01  Marine  
  146  17:02  Marauder  
  146  17:04  Marine  
  146  17:05  Marauder, Marine, Siege Tank  
  146  17:06  Siege Tank  
  151  17:31  Marauder, Marine x4  
  151  17:32  Siege Tank  
  126  17:44  Marauder  
  126  17:50  Marauder  
  109  17:52  Marine  
  109  17:56  Marine  
  108  18:00  Marine  
  104  18:21  Marine  
  104  18:22  Marauder, Marine x2  
  106  18:37  Orbital Command  
  106  18:44  Medivac  
  106  18:45  Medivac  
  110  18:55  Marine  
  92  19:11  Marine  
  92  19:12  Marauder  
  86  19:19  Marine  
  86  19:22  Marine  
  88  19:31  Marauder, Marine x3  
  93  19:39  Marine  
  93  19:40  Marauder, Marine x2  
  93  19:41  SCV  
  99  19:59  Marine  
  101  20:00  Marauder, Marine x3  
  101  20:01  Marauder x2, Marine  
  101  20:02  SCV  
  101  20:04  Refinery x2  
  111  20:12  Planetary Fortress  
  111  20:18  Marauder, Marine x4  
  111  20:20  Siege Tank x3  
  126  20:21  Terran Vehicle Weapons Level 2  
  119  20:32  SCV  
  120  20:41  Marine x5  
  120  20:42  Marauder, Marine x3  
  130  20:43  Medivac  
  132  20:51  Refinery x2  
  132  20:54  Refinery  
  109  21:04  Marine  
  109  21:05  Marauder, Marine x2  
  109  21:09  Marine x2  
  109  21:10  Marauder x2, Marine  
  102  21:23  Marine x2  
  96  21:26  Marauder  
  74  21:36  Marauder, Marine x2  
  74  21:38  Marine  
  74  21:39  Marauder, Marine  
  71  21:41  Marine  
  71  21:45  Marine  
  73  21:48  Marauder  
  73  21:54  Marine x2  
  76  21:56  Marine  
  76  21:57  Marauder  
  80  22:03  Command Center, Marine x3, Marauder  
  80  22:04  Command Center  
  85  22:10  Marauder  
  85  22:11  Marine  
  88  22:19  Marauder, Marine  
  91  22:24  Marauder  
  91  22:26  SCV  
  95  22:37  Marauder, Marine  
  89  23:01  Marine  
  89  23:35  Marauder, Marine x2  
  85  23:44  Marauder, Marine  
  87  23:57  Marauder, Marine x2  
  91  24:04  Marauder  
  93  24:20  Viking  
  76  24:25  Planetary Fortress  
  76  24:28  SCV  
  67  24:40  Marine  
  67  24:41  Marauder  
  70  24:55  Marauder, Marine  
  70  24:58  Marine  
  71  25:12  Marauder x2, Marine x2  
  71  25:13  Marine  
  64  25:18  Marauder  
  66  25:25  Marauder, Marine  
Tags
 
Add a new tag
Caveats
  • Supply blocks, unpowered buildings, or Contaminate may cause inaccurate times.
  • Supply counts are checked every 10 seconds.